 Dungeon Crawl Stone Soup version 0.17.2-1-ge4368a0 (webtiles) character file.

350 magog001 the Covered (level 6, -3/53 HPs)
             Began as a Hill Orc Fighter on Oct 1, 2016.
             Splashed by a jelly's acid (8 damage)
             ... on level 3 of the Dungeon.
             The game lasted 00:27:32 (3933 turns).

magog001 the Covered (Hill Orc Fighter)             Turns: 3933, Time: 00:27:33

Health: -3/53      AC:  2    Str: 21    XL:     6   Next: 60%
Magic:  6/6        EV:  8    Int:  8    God:
Gold:   121        SH:  9    Dex: 10    Spells: 0 memorised, 5 levels left

rFire  . . .     SeeInvis .     a - +0 war axe
rCold  . . .     Clarity  .     b - +0 scale mail
rNeg   + . .     SustAt   .     c - +0 shield
rPois  .         Gourm    .     (no helmet)
rElec  .         Spirit   .     (no cloak)
rCorr  .         Warding  .     u - +0 pair of gloves
rMut   .         Stasis   .     F - +1 pair of boots
MR     .....                    o - amulet of rage
Stlth  ..........               (no ring)
                                y - ring of positive energy

@: corroded equipment, not resistant to hostile enchantments, extremely
unstealthy
A: no striking features
a: Evoke Berserk Rage


You were on level 3 of the Dungeon.
You were not hungry.

You visited 1 branch of the dungeon, and saw 3 of its levels.
You also visited: Sewer.

You collected 121 gold pieces.

Inventory:

Hand Weapons
 a - a +0 war axe (weapon)
 A - a +1 whip of electrocution
 G - a +1 blowgun
 L - a +0 hunting sling
Missiles
 f - 21 silver sling bullets
 l - 146 stones (quivered)
 r - 71 poisoned needles
 s - 15 bolts
 t - 6 sling bullets of flame
Armour
 b - a +0 scale mail (worn)
 c - a +0 shield (worn)
 u - a +0 pair of gloves (worn)
 F - a +1 pair of boots (worn)
 J - a +0 scale mail
Jewellery
 m - an uncursed amulet of resist mutation
 o - an amulet of rage (around neck)
 y - a ring of positive energy (left hand)
Scrolls
 h - a scroll of magic mapping
 k - a scroll of random uselessness {unknown}
 p - a scroll of fog
 C - a scroll of remove curse
 E - a scroll of identify
Potions
 d - 2 potions of might
 g - 7 potions of curing
 i - 3 potions of agility
 j - a potion of brilliance {unknown}
 n - a potion of resistance {unknown}
 w - 2 potions of lignification {unknown}
 x - a potion of ambrosia {unknown}
 B - a potion of poison {unknown}
 H - 4 potions of heal wounds
 I - a potion of flight {unknown}
Comestibles
 e - 4 bread rations
 q - 6 chunks of flesh
 K - 2 beef jerkies


   Skills:
 * Level 4.6 Fighting
 + Level 4.9 Axes
 * Level 0.5 Throwing
 + Level 4.9 Armour
 + Level 1.7 Dodging
 + Level 0.1 Stealth
 + Level 4.4 Shields
 + Level 0.2 Evocations


You had 5 spell levels left.
You didn't know any spells.

Dungeon Overview and Level Annotations

Branches:
Dungeon (3/15)

Altars:
Ashenzari
Kikubaaqudgha
Vehumet
Xom
The Shining One


Message History

The acid burns!
You slash the jelly!
Your hands burn!
The jelly is severely wounded.
The jelly hits you but does no damage.
You hit the jelly but do no damage.
Your hands burn!
The jelly is severely wounded.
The jelly hits you.
You are splashed with acid!
The acid burns!
The jelly barely misses you.
Your shield prevents you from hitting the jelly.
The jelly is severely wounded.
The jelly hits you.
You are splashed with acid!
The acid burns!
* * * LOW HITPOINT WARNING * * *
You hit the jelly. The acid corrodes you!
Your hands burn!
* * * LOW HITPOINT WARNING * * *
The jelly is severely wounded.
The jelly closely misses you. The jelly hits you.
* * * LOW HITPOINT WARNING * * *
You are splashed with acid!
The acid burns!
You die...

#.# #.# #.# #.# #.#
#.#
############.#####..
#................†..
#...########.#####..
#...+ +..##......'..
#...###...##.##.##..
#..@###...##.##.##..
#...J.+._.##.##.##.#
#...###...#..##.##.#
#...###...#..##.##.#
#...+ +..##.........
#...########.##.#..#
######.>.......###..
#....##.###≈###
#....##.##≈≈≈≈≈


You could see a jelly.

Vanquished Creatures
  The ghost of magog001 the Bolt Thrower, an amateur FoHu (D:3)
  A big kobold (Sewer)
  An orc wizard (D:3)
  3 adders
  An adder skeleton (D:3)
  A worm (D:3)
  5 giant geckos
  4 orcs
  A ball python (Sewer)
  6 bats
  6 giant cockroaches
  9 hobgoblins
  5 jackals (D:2)
  A quokka (D:2)
  4 giant newts
  4 goblins
  19 kobolds
  15 rats
  3 bushes (D:2)
  3 plants
93 creatures vanquished.

Notes
Turn   | Place    | Note
--------------------------------------------------------------
     0 | D:1      | magog001 the Hill Orc Fighter began the quest for the Orb.
     0 | D:1      | Reached XP level 1. HP: 19/19 MP: 1/1
   273 | D:1      | Reached XP level 2. HP: 24/27 MP: 2/2
   766 | D:2      | Found a shattered altar of Ashenzari.
  1127 | D:2      | Found a radiant altar of Vehumet.
  1176 | D:2      | Reached skill level 4 in Fighting
  1176 | D:2      | Reached XP level 3. HP: 28/33 MP: 3/3
  1798 | D:3      | Found an ancient bone altar of Kikubaaqudgha.
  1899 | D:3      | Reached XP level 4. HP: 36/40 MP: 4/4
  1901 | D:3      | Found a glowing drain.
  1910 | Sewer    | Entered a sewer
  2263 | Sewer    | Noticed a big kobold
  2279 | Sewer    | Killed a big kobold
  2279 | Sewer    | Reached skill level 1 in Dodging
  2279 | Sewer    | Reached XP level 5. HP: 34/47 MP: 5/5
  2378 | D:3      | Found a shimmering altar of Xom.
  2462 | D:3      | Noticed magog001's ghost (amateur FoHu)
  3060 | D:3      | Killed magog001's ghost
  3060 | D:3      | Reached XP level 6. HP: 31/53 MP: 6/6
  3321 | D:3      | Found a glowing golden altar of the Shining One.
  3933 | D:3      | Splashed by a jelly's acid

Action                   |  1- 3 |  4- 6 || total
-------------------------+-------+-------++-------
Melee: War axe           |   229 |   193 ||   422
 Fire: Blowgun           |       |    29 ||    29
 Abil: Evoke Berserk Rag |       |     1 ||     1
  Use: Scroll            |     1 |    11 ||    12
  Eat: Chunk             |     2 |     3 ||     5
       Beef jerky        |     1 |       ||     1
       Meat ration       |       |     1 ||     1
